APP
OREM OWLZ @ BLUEFIELD BLUE JAYS
10/18/2048
 
TOP OF THE 1ST
Texas (APP) Rangers batting - Pitching for Princeton Rays : RHP Brian Ramirez
Pitching: RHP Brian Ramirez
Batting: SHB Barry Tuckfard 0-0: Foul Ball, location: 2F
0-1: Swinging Strike
0-2: Ball
1-2: Ball
2-2: Ball
3-2: SINGLE (Line Drive, 78M, EV 96.3 MPH)
Batting: RHB Brian Snyder 0-0: Ball
1-0: Ball
2-0: Ball
3-0: Called Strike
3-1: Fly out, F7 (Flyball, 7S, EV 86.9 MPH)
Batting: LHB Chris Torres 0-0: Ball
1-0: Ball
2-0: Foul Ball, location: 2F
2-1: Ball
3-1: Foul Ball, location: 2F
3-2: Foul Ball, location: 2F
3-2: Grounds out, U3 (Groundball, 3L, EV 105.6 MPH)
Batting: RHB Rich Stinson 0-0: Called Strike
0-1: Ball
1-1: Ball
2-1: Swinging Strike
2-2: DOUBLE (Line Drive, 78M, EV 87.5 MPH)
Barry Tuckfard scores
Batting: SHB Alvaro Palacio 0-0: Ground out 4-3 (Groundball, 4M, EV 92.5 MPH)
Top of the 1st over - 1 run, 2 hits, 0 errors, 1 left on base; Texas (APP) 1 - Princeton 0
BOTTOM OF THE 1ST
Princeton Rays batting - Pitching for Texas (APP) Rangers : RHP Norichika Yamane
Pitching: RHP Norichika Yamane
Batting: LHB Jason McCamey 0-0: Ground out 1-3 (Groundball, 15, EV 83.1 MPH)
Batting: RHB Will Timmer 0-0: Foul Ball, location: 2F
0-1: Ball
1-1: Called Strike
1-2: Ball
2-2: Foul Ball, location: 2F
2-2: Foul Ball, location: 2F
2-2: Ball
3-2: Base on Balls
Batting: LHB Yasahiko Teshima 0-0: Ball
1-0: Called Strike
1-1: Ball
2-1: Ball
3-1: Called Strike
3-2: Fielders Choice at 2nd, 3-6 (Groundball, 3S, EV 90.6 MPH)
Batting: RHB Hugo Bautista 0-0: SINGLE (Flyball, 8LS, EV 85.0 MPH)
Yasahiko Teshima to second
Batting: SHB Tristan Dearing 0-0: Called Strike
0-1: Swinging Strike
0-2: Ball
1-2: Strikes out swinging
Bottom of the 1st over - 0 runs, 1 hit, 0 errors, 2 left on base; Texas (APP) 1 - Princeton 0
TOP OF THE 2ND
Texas (APP) Rangers batting - Pitching for Princeton Rays : RHP Brian Ramirez
Batting: RHB David Reyna 0-0: Ball
1-0: Foul Ball, location: 2F
1-1: Ball
2-1: Foul Ball, location: 2F
2-2: Foul Ball, location: 2F
2-2: Ball
3-2: Ground out 5-3 (Groundball, 56, EV 77.5 MPH)
Batting: RHB Liangde Li 0-0: Ball
1-0: Foul Ball, location: 2F
1-1: Ball
2-1: Foul Ball, location: 2F
2-2: SINGLE (Line Drive, 4M, EV 100.6 MPH)
Batting: RHB Humberto Oros 0-0: Swinging Strike
Liangde Li steals 2nd base
0-1: Called Strike
0-2: Ball
1-2: Fly out, F9 (Flyball, 9, EV 92.5 MPH)
Batting: LHB David Ramirez 0-0: Ground out 6-3 (Groundball, 6M, EV 88.1 MPH)
Top of the 2nd over - 0 runs, 1 hit, 0 errors, 1 left on base; Texas (APP) 1 - Princeton 0
BOTTOM OF THE 2ND
Princeton Rays batting - Pitching for Texas (APP) Rangers : RHP Norichika Yamane
Batting: RHB Jorge Molina 0-0: SINGLE (Groundball, 56D, EV 100.6 MPH)
Batting: RHB Eric Bushey 0-0: Ball
1-0: Ball
2-0: Foul Ball, location: 2F
2-1: Fielders Choice at 2nd, 6-4 (Groundball, 56, EV 96.3 MPH)
Batting: RHB Andy Torres 0-0: Fly out, F8 (Flyball, 78S, EV 90.6 MPH)
Batting: RHB Jimmy Hammertime 0-0: Foul Ball, location: 2F
0-1: Fly out, F9 (Flyball, 9LS, EV 88.1 MPH)
Bottom of the 2nd over - 0 runs, 1 hit, 0 errors, 1 left on base; Texas (APP) 1 - Princeton 0
TOP OF THE 3RD
Texas (APP) Rangers batting - Pitching for Princeton Rays : RHP Brian Ramirez
Batting: SHB Barry Tuckfard 0-0: Ball
1-0: Ball
2-0: Ball
3-0: Base on Balls
Batting: RHB Brian Snyder 0-0: Ball
1-0: Swinging Strike
1-1: Ball
2-1: Ball
3-1: SINGLE (Line Drive, 4D, EV 106.3 MPH)
Barry Tuckfard to second
Batting: LHB Chris Torres 0-0: Foul Ball, location: 2F
0-1: Ball
1-1: Ball
2-1: Grounds into double play, 6-4-3 (Groundball, 6, EV 84.4 MPH)
Barry Tuckfard to third
Batting: RHB Rich Stinson 0-0: Foul Ball, location: 2F
0-1: Fly out, F3 (Popup, 34, EV 65.6 MPH)
Top of the 3rd over - 0 runs, 1 hit, 0 errors, 1 left on base; Texas (APP) 1 - Princeton 0
BOTTOM OF THE 3RD
Princeton Rays batting - Pitching for Texas (APP) Rangers : RHP Norichika Yamane
Batting: LHB Jason McCamey 0-0: Foul Ball, location: 2F
0-1: Called Strike
0-2: Ball
1-2: Foul Ball, location: 2F
1-2: Ball
2-2: TRIPLE (Flyball, 9D, EV 101.9 MPH)
Batting: RHB Will Timmer 0-0: Foul Ball, location: 2F
0-1: Called Strike
0-2: Ball
1-2: Strikes out swinging
Batting: LHB Yasahiko Teshima 0-0: Ball
1-0: Called Strike
1-1: Ball
2-1: Called Strike
2-2: Ball
3-2: Ground out U3 (Groundball, 3, EV 100.6 MPH)
Batting: RHB Hugo Bautista 0-0: Ball
1-0: SINGLE (Groundball, 15S, EV 71.3 MPH) (infield hit)
Jason McCamey scores
Batting: SHB Tristan Dearing 0-0: Called Strike
0-1: Ball
Hugo Bautista steals 2nd base
1-1: Foul Ball, location: 2F
1-2: Ground out 4-3 (Groundball, 4, EV 88.1 MPH)
Bottom of the 3rd over - 1 run, 2 hits, 0 errors, 1 left on base; Texas (APP) 1 - Princeton 1
TOP OF THE 4TH
Texas (APP) Rangers batting - Pitching for Princeton Rays : RHP Brian Ramirez
Batting: SHB Alvaro Palacio 0-0: Swinging Strike
0-1: Ball
1-1: Foul Ball, location: 2F
1-2: Foul Ball, location: 2F
1-2: Strikes out swinging
Batting: RHB David Reyna 0-0: Ball
1-0: Ball
2-0: Ball
3-0: Base on Balls
Batting: RHB Liangde Li 0-0: Ball
1-0: Fly out, F6 (Popup, 6MS, EV 63.1 MPH)
Batting: RHB Humberto Oros 0-0: Foul Ball, location: 2F
0-1: Foul Ball, location: 2F
0-2: Strikes out swinging
Top of the 4th over - 0 runs, 0 hits, 0 errors, 1 left on base; Texas (APP) 1 - Princeton 1
BOTTOM OF THE 4TH
Princeton Rays batting - Pitching for Texas (APP) Rangers : RHP Norichika Yamane
Batting: RHB Jorge Molina 0-0: Ball
1-0: Ball
2-0: SINGLE (Flyball, 8RS, EV 93.1 MPH)
Batting: RHB Eric Bushey 0-0: Called Strike
0-1: Ball
1-1: Foul Ball, location: 2F
1-2: Foul Ball, location: 2F
1-2: Strikes out swinging
Batting: RHB Andy Torres 0-0: Swinging Strike
0-1: Ball
1-1: Ball
Wild Pitch!
Jorge Molina to second
2-1: Fly out, F7 (Flyball, 7LM, EV 92.5 MPH)
Batting: RHB Jimmy Hammertime 0-0: Intentional Walk
Batting: LHB Jason McCamey 0-0: Foul Ball, location: 2F
0-1: Ball
1-1: Foul Ball, location: 2F
1-2: Strikes out looking
Bottom of the 4th over - 0 runs, 1 hit, 0 errors, 2 left on base; Texas (APP) 1 - Princeton 1
TOP OF THE 5TH
Texas (APP) Rangers batting - Pitching for Princeton Rays : RHP Brian Ramirez
Batting: LHB David Ramirez 0-0: Ball
1-0: Ball
2-0: Ground out 5-3 (Groundball, 56S, EV 87.5 MPH)
Batting: SHB Barry Tuckfard 0-0: Ball
1-0: Called Strike
1-1: Foul Ball, location: 2F
1-2: Foul Ball, location: 2F
1-2: Foul Ball, location: 2F
1-2: Ground out 4-3 (Groundball, 4, EV 87.5 MPH)
Batting: RHB Brian Snyder 0-0: Ball
1-0: SINGLE (Groundball, 56D, EV 103.1 MPH)
Batting: LHB Chris Torres 0-0: Ball
1-0: Ball
2-0: Ball
3-0: Called Strike
3-1: Called Strike
3-2: Base on Balls
Brian Snyder to second
Batting: RHB Rich Stinson 0-0: DOUBLE (Groundball, 5L, EV 100.6 MPH)
Brian Snyder scores
Chris Torres to third
Batting: SHB Alvaro Palacio 0-0: Called Strike
0-1: Foul Ball, location: 2F
0-2: Ball
1-2: Ball
2-2: Ball
3-2: SINGLE (Groundball, 34D, EV 97.5 MPH)
Chris Torres scores
Rich Stinson to third
Rich Stinson scores
Batting: RHB David Reyna 0-0: Ball
1-0: Ball
2-0: Foul Ball, location: 2F
2-1: Ball
3-1: Called Strike
3-2: SINGLE (Groundball, 6MD, EV 97.5 MPH)
Alvaro Palacio to second
Alvaro Palacio to third
Batting: RHB Liangde Li 0-0: Ball
1-0: SINGLE (Groundball, 6D, EV 93.8 MPH)
Alvaro Palacio scores
David Reyna to second
Pitching: RHP Mark Woodcock
Batting: RHB Humberto Oros 0-0: Ball
1-0: Called Strike
1-1: Ball
2-1: Swinging Strike
2-2: Foul Ball, location: 2F
2-2: Foul Ball, location: 2F
2-2: Foul Ball, location: 2F
2-2: Foul Ball, location: 2F
2-2: Ball
3-2: Strikes out swinging
Top of the 5th over - 4 runs, 5 hits, 0 errors, 2 left on base; Texas (APP) 5 - Princeton 1
BOTTOM OF THE 5TH
Princeton Rays batting - Pitching for Texas (APP) Rangers : RHP Norichika Yamane
Batting: RHB Will Timmer 0-0: Ball
1-0: Ball
2-0: Swinging Strike
2-1: Foul Ball, location: 2F
2-2: Foul Ball, location: 2F
2-2: Strikes out swinging
Batting: LHB Yasahiko Teshima 0-0: Ball
1-0: Called Strike
1-1: Ball
2-1: Ball
3-1: DOUBLE (Flyball, 8LXD, EV 88.1 MPH)
Batting: RHB Hugo Bautista 0-0: Called Strike
0-1: Swinging Strike
0-2: Foul Ball, location: 2F
0-2: Ball
1-2: Ball
2-2: TRIPLE (Flyball, 89XD, EV 90.6 MPH)
Yasahiko Teshima scores
Batting: SHB Tristan Dearing 0-0: Ground out 4-3 (Groundball, 4, EV 85.0 MPH)
Hugo Bautista scores
Batting: RHB Jorge Molina 0-0: Ball
1-0: Ball
2-0: Called Strike
2-1: Foul Ball, location: 2F
2-2: Foul Ball, location: 2F
2-2: Ball
3-2: Strikes out swinging
Bottom of the 5th over - 2 runs, 2 hits, 0 errors, 0 left on base; Texas (APP) 5 - Princeton 3
TOP OF THE 6TH
Texas (APP) Rangers batting - Pitching for Princeton Rays : RHP Mark Woodcock
Batting: LHB David Ramirez 0-0: Ball
1-0: Ground out 4-3 (Groundball, 34D, EV 95.6 MPH)
Batting: SHB Barry Tuckfard 0-0: Called Strike
0-1: Called Strike
0-2: Ball
1-2: Foul Ball, location: 2F
1-2: Ground out 4-3 (Groundball, 4, EV 85.6 MPH)
Batting: RHB Brian Snyder 0-0: Foul Ball, location: 2F
0-1: Swinging Strike
0-2: Ball
1-2: Ball
2-2: Foul Ball, location: 2F
2-2: Ground out 4-3 (Groundball, 34, EV 100.0 MPH)
Top of the 6th over - 0 runs, 0 hits, 0 errors, 0 left on base; Texas (APP) 5 - Princeton 3
BOTTOM OF THE 6TH
Princeton Rays batting - Pitching for Texas (APP) Rangers : RHP Norichika Yamane
Pitching: RHP Boris Koljevic
Batting: RHB Eric Bushey 0-0: Ball
1-0: Foul Ball, location: 2F
1-1: Swinging Strike
1-2: Foul Ball, location: 2F
1-2: Ball
2-2: Foul Ball, location: 2F
2-2: Strikes out swinging
Batting: RHB Andy Torres 0-0: Foul Ball, location: 2F
0-1: Hit by Pitch
Pitching: RHP John Scammell
Batting: RHB Jimmy Hammertime 0-0: Ball
1-0: Ball
2-0: Ball
3-0: Called Strike
3-1: Swinging Strike
3-2: Grounds into double play, 6-4-3 (Groundball, 6S, EV 83.8 MPH)
Bottom of the 6th over - 0 runs, 0 hits, 0 errors, 0 left on base; Texas (APP) 5 - Princeton 3
TOP OF THE 7TH
Texas (APP) Rangers batting - Pitching for Princeton Rays : RHP Mark Woodcock
Batting: LHB Chris Torres 0-0: Ball
1-0: Ball
2-0: Called Strike
2-1: Fly out, F7 (Flyball, 78S, EV 82.5 MPH)
Batting: RHB Rich Stinson 0-0: Ball
1-0: Ball
2-0: Foul Ball, location: 2F
2-1: Swinging Strike
2-2: Ball
3-2: Foul Ball, location: 2F
3-2: DOUBLE (Line Drive, 78D, EV 98.8 MPH)
Batting: SHB Alvaro Palacio 0-0: Ball
1-0: Called Strike
1-1: Called Strike
Rich Stinson steals 3rd base
1-2: Ball
2-2: Ball
3-2: Base on Balls
Batting: RHB David Reyna 0-0: Ball
Alvaro Palacio is caught stealing 2nd base 2-4
1-0: Ball
2-0: 2-RUN HOME RUN (Flyball, 78XD, EV 107.5 MPH), Distance : 415 ft
Batting: RHB Liangde Li 0-0: Ball
1-0: SINGLE (Groundball, 56D, EV 104.4 MPH)
Batting: RHB Humberto Oros 0-0: Ball
Liangde Li steals 2nd base
1-0: Ball
2-0: SINGLE (Groundball, 6MD, EV 104.4 MPH)
Liangde Li to third
Batting: LHB David Ramirez 0-0: Ball
1-0: Ball
2-0: Fielders Choice at 2nd, 5-4 (Groundball, 5L, EV 85.6 MPH)
Top of the 7th over - 2 runs, 4 hits, 0 errors, 2 left on base; Texas (APP) 7 - Princeton 3
BOTTOM OF THE 7TH
Princeton Rays batting - Pitching for Texas (APP) Rangers : RHP John Scammell
Pitching: RHP Jose Feliz
Batting: LHB Jason McCamey 0-0: Foul Ball, location: 2F
0-1: Foul Ball, location: 2F
0-2: Foul Ball, location: 2F
0-2: Ball
1-2: Ball
2-2: Ball
3-2: Foul Ball, location: 2F
3-2: Base on Balls
Pitching: RHP Juan Lucero
Batting: RHB Will Timmer 0-0: Fielders Choice at 2nd, 6-4 (Groundball, 6, EV 81.9 MPH)
Batting: LHB Yasahiko Teshima 0-0: Ball
Will Timmer steals 2nd base
1-0: Ball
2-0: Called Strike
2-1: DOUBLE (Line Drive, 8LXD, EV 113.8 MPH)
Will Timmer scores
Batting: RHB Hugo Bautista 0-0: SINGLE (Flyball, 9LS, EV 95.6 MPH)
Yasahiko Teshima to third
Batting: SHB Tristan Dearing 0-0: Ball
1-0: Ball
2-0: Swinging Strike
2-1: Foul Ball, location: 2F
2-2: Ball
3-2: SINGLE (Line Drive, 8LS, EV 101.9 MPH)
Yasahiko Teshima scores
Hugo Bautista to second
Batting: RHB Jorge Molina 0-0: Ball
Hugo Bautista steals 3rd, throwing error, E2
Hugo Bautista scores
Tristan Dearing to third
1-0: Ball
2-0: Called Strike
2-1: Foul Ball, location: 2F
2-2: Ball
Wild Pitch!
Tristan Dearing scores
3-2: Strikes out swinging
Batting: RHB Eric Bushey 0-0: Called Strike
0-1: Ball
1-1: Swinging Strike
1-2: Strikes out looking
Bottom of the 7th over - 4 runs, 3 hits, 1 error, 0 left on base; Texas (APP) 7 - Princeton 7
TOP OF THE 8TH
Texas (APP) Rangers batting - Pitching for Princeton Rays : RHP Mark Woodcock
Pitching: LHP Israel Benchio
Batting: SHB Barry Tuckfard 0-0: Called Strike
0-1: Foul Ball, location: 2F
0-2: Ball
1-2: SOLO HOME RUN (Flyball, 8LXD, EV 105.6 MPH), Distance : 440 ft
Batting: RHB Brian Snyder 0-0: Ball
1-0: Foul Ball, location: 2F
1-1: Foul Ball, location: 2F
1-2: Ball
2-2: SINGLE (Groundball, 34D, EV 99.4 MPH)
Batting: LHB Chris Torres 0-0: Called Strike
0-1: Swinging Strike
0-2: Ball
1-2: Strikes out swinging
Batting: RHB Rich Stinson 0-0: Ball
1-0: Fly out, F7 (Line Drive, 7, EV 86.9 MPH)
Batting: SHB Alvaro Palacio 0-0: Ball
1-0: Foul Ball, location: 2F
1-1: Foul Ball, location: 2F
1-2: Strikes out looking
Top of the 8th over - 1 run, 2 hits, 0 errors, 1 left on base; Texas (APP) 8 - Princeton 7
BOTTOM OF THE 8TH
Princeton Rays batting - Pitching for Texas (APP) Rangers : RHP Juan Lucero
Batting: RHB Andy Torres 0-0: Swinging Strike
0-1: Foul Ball, location: 2F
0-2: Ball
1-2: Ball
2-2: Strikes out swinging
Batting: RHB Jimmy Hammertime 0-0: Foul Ball, location: 2F
0-1: Ball
1-1: SINGLE (Line Drive, 7S, EV 106.9 MPH)
Batting: LHB Jason McCamey 0-0: Ball
1-0: Foul Ball, location: 2F
1-1: Called Strike
1-2: Strikes out swinging
Batting: RHB Will Timmer 0-0: Ball
1-0: Called Strike
1-1: Ball
2-1: Foul Ball, location: 2F
2-2: Fly out, F9 (Line Drive, 9, EV 106.3 MPH)
Bottom of the 8th over - 0 runs, 1 hit, 0 errors, 1 left on base; Texas (APP) 8 - Princeton 7
TOP OF THE 9TH
Texas (APP) Rangers batting - Pitching for Princeton Rays : LHP Israel Benchio
Pitching: LHP Xu-gang Zhou
Batting: RHB David Reyna 0-0: Ground out 6-3 (Groundball, 6M, EV 86.3 MPH)
Batting: RHB Liangde Li 0-0: Ball
1-0: Called Strike
1-1: Called Strike
1-2: Ball
2-2: Ball
3-2: Base on Balls
Batting: RHB Humberto Oros 0-0: Ball
1-0: Called Strike
1-1: Ball
2-1: DOUBLE (Line Drive, 9LS, EV 105.0 MPH)
Liangde Li to third
Runner from 3rd tries for Home, SAFE, no throw by RF
Batting: LHB David Ramirez 0-0: Called Strike
0-1: Foul Ball, location: 2F
0-2: Ball
1-2: Ball
2-2: Ball
3-2: Ground out 4-3 (Groundball, 4, EV 85.0 MPH)
Humberto Oros to third
Batting: SHB Barry Tuckfard 0-0: Called Strike
0-1: Foul Ball, location: 2F
0-2: Strikes out looking
Top of the 9th over - 1 run, 1 hit, 0 errors, 1 left on base; Texas (APP) 9 - Princeton 7
BOTTOM OF THE 9TH
Princeton Rays batting - Pitching for Texas (APP) Rangers : RHP Juan Lucero
Now in RF: Brian Gomez
Batting: LHB Yasahiko Teshima 0-0: Ball
1-0: Ball
2-0: Called Strike
2-1: Foul Ball, location: 2F
2-2: Ball
3-2: Foul Ball, location: 2F
3-2: Base on Balls
Batting: RHB Hugo Bautista 0-0: Swinging Strike
0-1: Fly out, F9 (Flyball, 9LM, EV 85.0 MPH)
Batting: SHB Tristan Dearing 0-0: Ball
1-0: Swinging Strike
1-1: Ball
2-1: Ball
3-1: Foul Ball, location: 2F
3-2: Fly out, F7 (Line Drive, 7D, EV 92.5 MPH)
Batting: RHB Jorge Molina 0-0: Called Strike
0-1: Ball
1-1: Foul Ball, location: 2F
1-2: Foul Ball, location: 2F
1-2: Strikes out swinging
Bottom of the 9th over - 0 runs, 0 hits, 0 errors, 1 left on base; Texas (APP) 9 - Princeton 7
Tuesday, March 28th , 2023 - OOTP Baseball 23.10 Build 110